 Dungeon Crawl Stone Soup version 0.17.0-1-g61d176b (webtiles) character file.

68 ololoev the Firebug (level 4, -2/24 HPs)
             Began as a Deep Elf Fire Elementalist on Nov 7, 2015.
             Was an Initiate of Vehumet.
             Shot with an arrow by a centaur (10 damage)
             ... on level 3 of the Dungeon.
             The game lasted 00:05:06 (2190 turns).

ololoev the Firebug (Deep Elf Fire Elementalist)    Turns: 2190, Time: 00:05:06

Health: -2/24      AC:  3    Str:  5    XL:     4   Next: 1%
Magic:  20/20      EV:  8    Int: 21    God:    Vehumet [......]
Gold:   49         SH:  0    Dex: 15    Spells: 3 memorised, 3 levels left

rFire  . . .     SeeInvis .     u - +1 short sword (venom)
rCold  . . .     Clarity  .     a - +0 robe
rNeg   . . .     SustAt   .     (no shield)
rPois  .         Gourm    .     q - +0 helmet
rElec  .         Spirit   .     (no cloak)
rCorr  .         Warding  .     (no gloves)
rMut   .         Stasis   .     (no boots)
MR     .....                    (no amulet)
Stlth  ++........               (no ring)
                                p - ring of magical power

@: not resistant to hostile enchantments, unstealthy
A: no striking features
a: Renounce Religion

Inventory:

Hand Weapons
 u - a +1 short sword of venom (weapon)
Armour
 a - a +0 robe (worn)
 q - a +0 helmet (worn)
Jewellery
 p - a ring of magical power (left hand)
Scrolls
 f - 2 scrolls of remove curse {unknown}
 g - a scroll of amnesia {unknown}
 j - a scroll of blinking {unknown}
 k - a scroll of enchant armour {unknown}
 l - 2 scrolls of noise {unknown}
 n - a scroll of fear {unknown}
 o - a scroll of enchant weapon {unknown}
 r - 2 scrolls of identify {unknown}
 t - a scroll of teleportation {unknown}
Potions
 e - a potion of brilliance {unknown}
 h - 2 potions of haste {unknown}
 i - 5 potions of magic {unknown}
 m - a potion of degeneration {unknown}
 s - a potion of ambrosia {unknown}
Books
 b - a book of Flames

   Spells                             Type                      Level
   a - Flame Tongue                   Conjuration/Fire             1
   b - Throw Flame                    Conjuration/Fire             2
   c - Conjure Flame                  Conjuration/Fire             3
   d - Inner Flame                    Hexes/Fire                   3
   e - Sticky Flame                   Conjuration/Fire             4
   f - Fireball                       Conjuration/Fire             5
Comestibles
 d - 2 meat rations


   Skills:
 - Level 2.4 Dodging
 - Level 2.4 Stealth
 + Level 3.6 Spellcasting
 * Level 3.2 Conjurations
 + Level 3.9 Fire Magic


You had 3 spell levels left.
You knew the following spells:

 Your Spells              Type           Power        Failure   Level  Hunger
a - Flame Tongue          Conj/Fire      ###..        2%          1    None
b - Conjure Flame         Conj/Fire      ###.....     10%         3    ###....
c - Inner Flame           Hex/Fire       ##......     21%         3    ###....


You were on level 3 of the Dungeon.
You worshipped Vehumet.
Vehumet was noncommittal.
You were not hungry.

You visited 1 branch of the dungeon, and saw 3 of its levels.

You collected 49 gold pieces.

#.# .. ?..
#.####l#######
.....?..... ##
#........#
...#.##..c..#
#......b(...#
........#.###
#......@#.#
#..(...##.#
#...!$. .#
##..... .#
#..... .#
#....# ##
...... ....##

Notes
Turn   | Place    | Note
--------------------------------------------------------------
     0 | D:1      | ololoev the Deep Elf Fire Elementalist began the quest for the Orb.
     0 | D:1      | Reached XP level 1. HP: 10/10 MP: 6/6
   443 | D:1      | Reached XP level 2. HP: 4/15 MP: 4/8
  1049 | D:2      | Reached XP level 3. HP: 19/19 MP: 7/10
  1054 | D:2      | Learned a level 3 spell: Conjure Flame
  2081 | D:2      | Found a radiant altar of Vehumet.
  2089 | D:2      | Became a worshipper of Vehumet
  2147 | D:2      | Reached XP level 4. HP: 24/24 MP: 11/11
  2152 | D:2      | Learned a level 3 spell: Inner Flame
  2186 | D:3      | Noticed a centaur
  2190 | D:3      | Shot with an arrow by a centaur

Dungeon Overview and Level Annotations

Branches:
Dungeon (3/15)

Altars:
Vehumet


Message History

Casting: Flame Tongue
Confirm with . or Enter, or press ? or * to list all spells.
Aiming: Flame Tongue
Press: ? - help, Shift-Dir - straight line, f - hobgoblin
Aim: a hobgoblin, wielding a club (hasn't noticed you)
The flame tongue hits the hobgoblin.
You kill the hobgoblin!
Vehumet accepts your kill.
You have reached level 4!
You feel clever.
Memorise Inner Flame, consuming 3 spell levels and leaving 3?
You start memorising the spell.
You continue memorising.
You continue memorising. x2
You finish memorising.
Spell assigned to 'c'.
There is a stone staircase leading down here.
You climb downwards.
A worm comes into view.
There is a stone staircase leading up here.
You climb upwards.
There is a stone staircase leading down here.
You see here a club.
There is a stone staircase leading down here.
You climb downwards.
A bat comes into view.
Found four items.
There is a stone staircase leading up here.
A centaur comes into view.
The centaur shouts!
The bat completely misses you.
The centaur wields a shortbow.
The centaur shoots an arrow.
The arrow hits you!
You see here an arrow.
The bat misses you.
The centaur shoots an arrow.
The arrow barely misses you.
The arrow completely misses the bat.
A giant newt comes into view.
The bat hits you but does no damage. The bat misses you.
The centaur shoots an arrow.
The arrow hits you!
There is a stone staircase leading up here.
You see here an arrow.
The bat hits you.
The centaur shoots an arrow.
The arrow hits you!
You die...

You could see a centaur, a bat and a giant newt.

Vanquished Creatures
  3 adders (D:2)
  A gnoll (D:1)
  2 giant cockroaches
  A goblin (D:2)
  2 hobgoblins (D:2)
  6 jackals (D:2)
  4 kobolds (D:2)
  A quokka (D:2)
  8 bats
  A giant gecko (D:2)
  2 giant newts (D:1)
  2 rats (D:1)
33 creatures vanquished.

Action                   |  1- 3 |  4- 6 || total
-------------------------+-------+-------++-------
Melee: Short sword       |    16 |       ||    16
 Cast: Flame Tongue      |    59 |     1 ||    60
       Conjure Flame     |     3 |       ||     3
  Eat: Chunk             |     2 |       ||     2
       Bread ration      |     1 |       ||     1

Vault maps used:
D:1:      co_arrival_square_in_a_square_in_a_square
D:2:      lemuel_coloured_pillars_altar, st_stairs_6
D:3:      grunt_temple_overflow_forces_of_nature, minmay_misc_feat_encased,
          uniq_robin
